 Dungeon Crawl Stone Soup version 0.27.1-34-g3ba077fa99 (console) character file.

Game seed: 835055716088119889

135 Banquo the Cutter (level 5, -13/40 HPs)
             Began as a Djinni Chaos Knight on Jan 2, 2022.
             Was a Plaything of Xom.
             Mangled by a cane toad (shapeshifter) (19 damage)
             ... on level 1 of the Dungeon.
             The game lasted 00:05:03 (1974 turns).

Banquo the Cutter (Djinni Chaos Knight)             Turns: 1974, Time: 00:05:03

Health: -13/40     AC:  5    Str: 11    XL:     5   Next: 41%
Gold:   105        EV: 11    Int: 15    God:    Xom [*.....] SH:  0 Dex: 12

rFire    + + .     SeeInvis .   a - +0 short sword (chaos)
rCold    x . .     Faith    .   (no shield)
rNeg     . . .     Spirit   .   b - +2 leather armour
rPois    ∞         Reflect  .   (no helmet)
rElec    .         Harm     .   (no cloak)
rCorr    .         Rampage  .   (no gloves)
Will     .....                  (boots unavailable)
Stlth    +.........             (no amulet)
HPRegen  0.13/turn              (no ring)
MPRegen  0.00/turn              (no ring)

@: flying
A: sickness immunity, fire resistance 2, cold vulnerability 1, float, innate
caster, hp casting, extra vitality 1, screaming 1
a: Renounce Religion


You were on level 1 of the Dungeon.
You worshipped Xom.
You were a special plaything of Xom.
You visited 1 branch of the dungeon, and saw 2 of its levels.

You collected 105 gold pieces.

Inventory:

Hand Weapons
 a - a +0 short sword of chaos (weapon)
 h - a +1 whip of holy wrath
 i - a +0 long sword
 l - a +0 long sword
Missiles
 j - 6 boomerangs (quivered)
 k - 60 stones
Armour
 b - a +2 leather armour (worn)
Scrolls
 c - a scroll of silence {unknown}
 d - a scroll of fog {unknown}
 e - a scroll of identify
Potions
 g - a potion of flight {unknown}


   Skills:
 - Level 3.0 Fighting
 - Level 3.6 Short Blades
 + Level 3.1 Armour
 - Level 2.1 Dodging
 * Level 1.6 Spellcasting


You had 4 spell levels left.
You knew the following spells:

 Your Spells              Type           Power      Damage    Failure   Level
a - Summon Small Mammal   Summ           24%        N/A       16%         1
z - Poisonous Vapours     Pois/Air       12%        N/A       22%         2
Your spell library was empty.

Dungeon Overview and Level Annotations

Branches:
Dungeon (2/15)

Altars:
Xom


Innate Abilities, Weirdness & Mutations

You are immune to sickness and miasma.
You are immune to poison.
Your flesh is very heat resistant. (rF++)
You are vulnerable to cold. (rC-)
You float through the air rather than walking.
You learn spells naturally, not from books.
Your magical power is your life essence.
You have superior vitality. (+4 HP)
You occasionally shout uncontrollably at your foes.


Message History

The necrophage is moderately damaged.
The necrophage hits you.
You hit the necrophage.
The necrophage resists with almost no effort.
The necrophage is moderately damaged.
The necrophage hits you but does no damage.
You barely miss the necrophage.
The necrophage is moderately damaged.
You hit the necrophage but do no damage.
Lightning courses through the necrophage!!
You destroy the necrophage!
Your Armour skill increases to level 3!
Your Spellcasting skill increases to level 1!
You have reached level 5!
The power to cast Poisonous Vapours wells up from within.
Spell assigned to 'b'.
Adjust (i)tems, (s)pells, or (a)bilities?
Adjust which spell? b - Poisonous Vapours Adjust to which letter? z - Poisonous Vapours Unknown command.
There is a stone staircase leading down here.
There is a stone staircase leading down here.
You start resting.
HP restored.
You fly downwards.
There is a stone staircase leading up here.
Unknown command.
You fly upwards.
There is a stone staircase leading down here.
You hit the cane toad but do no damage. The cane toad stings you!!
Ouch! That really hurt!
You hit the cane toad but do no damage. The cane toad completely misses you.
The cane toad barely misses you.
You closely miss the cane toad. The cane toad stings you!
* * * LOW HITPOINT WARNING * * *
You hit the cane toad but do no damage. The cane toad stings you!!
You die...
Xom is highly amused!

#.# #[# ####### #.#
#.# #.# #.# #.# #.#
#.# #.####### #.#
#.......# #.#
##...###.# #.#
##..F..##.# ### #.#
##...@...#.# #..
#.# #..........#
#.# #.#
#.^........# #.#
#.# #.........##
#.# #.#
##......)### #..
###.######........#
###
#.................#
#
#.#.########.....>#
# #.#.# #......# #


You could see a cane toad shaped shifter.

Vanquished Creatures
  A necrophage (D:1)
  2 adders
  A dart slug (D:1)
  3 endoplasms (D:1)
  3 giant cockroaches
  3 goblins
  4 hobgoblins
  5 kobolds (D:1)
  A quokka (D:1)
  A ball python (D:2)
  3 bats
  A frilled lizard (D:2)
  A rat (D:2)
29 creatures vanquished.

Notes
Turn   | Place    | Note
-------+----------+-------------------------------------------
     0 | D:1      | Banquo the Djinni Chaos Knight began the quest for the Orb.
     0 | D:1      | Reached XP level 1. HP: 20/20 MP: 0/0
    25 | D:1      | XOM: silly message
   171 | D:1      | Reached XP level 2. HP: 25/25 MP: 0/0
   175 | D:1      | XOM: divination: detect creatures
   280 | D:1      | Found a faded altar of an unknown god.
  1006 | D:1      | XOM: give mutations
  1006 | D:1      | Gained mutation: You occasionally shout uncontrollably at
                  | your foes. [Xom's mischief]
  1006 | D:1      | Gained mutation: You are weak. (Str -2) [Xom's mischief]
  1006 | D:1      | Lost mutation: You are weak. (Str -2) [Xom's mischief]
  1122 | D:2      | XOM: divination: magic mapping
  1131 | D:1      | Reached XP level 3. HP: 29/30 MP: 0/0
  1131 | D:1      | Learned a level 1 spell: Summon Small Mammal
  1157 | D:2      | XOM: smoke on damage
  1349 | D:2      | XOM: silly message
  1427 | D:2      | Found a shimmering altar of Xom.
  1508 | D:2      | Reached XP level 4. HP: 27/35 MP: 0/0
  1680 | D:2      | XOM: polymorph kobold -> quokka
  1695 | D:2      | Noticed a shapeshifter
  1695 | D:2      | a quokka changed into a shapeshifter
  1695 | D:2      | Noticed a cane toad
  1695 | D:2      | a shapeshifter changed into a cane toad
  1696 | D:2      | XOM: butterfly on damage
  1698 | D:2      | Noticed a necrophage
  1702 | D:2      | XOM: divination: magic mapping
  1713 | D:2      | XOM: potion effect (brilliance)
  1936 | D:1      | Killed a necrophage
  1937 | D:1      | Reached skill level 1 in Spellcasting
  1937 | D:1      | Reached XP level 5. HP: 36/40 MP: 0/0
  1937 | D:1      | Learned a level 2 spell: Poisonous Vapours
  1974 | D:1      | Mangled by a cane toad (shapeshifter)

Illustrated notes

Levels and vault maps discovered:
D:1:      psy_arrival_spokes, layout_loops_ring,
          ebering_ecumenical_altar_sacrificial
D:2:      layout_basic, basic_altar, wander_ebering_terrifying_dragon_lair,
          uniq_sigmund

Skill      XL: |  1  2  3  4 |
---------------+-------------+-----
Short Blades   | 3 |  3.6
Armour         | 2 3 |  3.1
Spellcasting   | 1 |  1.6
Fighting       | |  3.0
Dodging        | |  2.1

Action                   |  1- 3 |  4- 6 || total
-------------------------+-------+-------++-------
Melee: Short sword       |    80 |    27 ||   107
  Use: Scroll            |       |     1 ||     1
       Potion            |       |     1 ||     1
 Stab: Confused          |       |     1 ||     1
Armor: Leather armour    |    43 |    12 ||    55
Dodge: Dodged            |    54 |    18 ||    72
